 Dungeon Crawl Stone Soup version 0.16.1-28-gcc2312f (webtiles) character file.

93 sqallbeste the Ducker (level 4, -1/34 HPs)
             Began as a Merfolk Gladiator on June 4, 2015.
             Slain by a gnoll
             ... wielding a +0 halberd of chopping
              (13 damage)
             ... on level 2 of the Dungeon.
             The game lasted 00:06:38 (1524 turns).

sqallbeste the Ducker (Merfolk Gladiator)           Turns: 1524, Time: 00:06:38

Health: -1/34      AC:  7    Str: 15    XL:     4   Next: 62%
Magic:  4/4        EV: 12    Int:  7    God:
Gold:   110        SH:  0    Dex: 15    Spells: 0 memorised, 3 levels left

rFire  . . .     SeeInvis .     a - +0 trident
rCold  . . .     Clarity  .     l - +0 scale mail
rNeg   . . .     SustAb   .     (no shield)
rPois  .         Gourm    .     c - +0 helmet
rElec  .         Spirit   .     (no cloak)
rCorr  .         Warding  .     (no gloves)
rMut   .         Stasis   .     (no boots)
MR     .....                    (no amulet)
Stlth  ..........               (no ring)
                                (no ring)

@: not resistant to hostile enchantments, extremely unstealthy
A: change form in water, swift swim
a: no special abilities


You were on level 2 of the Dungeon.
You were not hungry.

You visited 1 branch of the dungeon, and saw 2 of its levels.

You collected 110 gold pieces.

Inventory:

Hand weapons
 a - a +0 trident (weapon)
Missiles
 d - 3 throwing nets (quivered)
Armour
 b - a +0 leather armour
 c - a +0 helmet (worn)
 l - a +0 scale mail (worn)
Scrolls
 e - a scroll of immolation {unknown}
 h - a scroll of identify
 j - 2 scrolls of magic mapping
 k - 2 scrolls of amnesia
Potions
 q - a potion of magic
Comestibles
 f - 4 bread rations
 g - a beef jerky
 i - 4 fruits


   Skills:
 + Level 2.4 Fighting
 + Level 5.4 Polearms
 - Level 2.0 Throwing
 * Level 6.1 Dodging


You had 3 spell levels left.
You didn't know any spells.

Dungeon Overview and Level Annotations

Branches:
Dungeon (2/15)

Altars:
Vehumet


Message History

Press: ? - help, Dir - move target cursor, f/p - gnoll
Aim: a gnoll, wielding a halberd You reach to attack!
You barely miss the gnoll. The gnoll hits you with a whip.
The gnoll hits you with a club. The gnoll misses you.
Eat which item? (? for menu, Esc to quit)
Okay, then.
You closely miss the gnoll.
The gnoll is heavily wounded.
The gnoll hits you but does no damage. The gnoll barely misses you.
You puncture the gnoll!
You kill the gnoll!
The gnoll hits you but does no damage. The gnoll closely misses you.
The gnoll hits you from afar with a halberd of chopping.
The gnoll hits you with a halberd! The gnoll hits you but does no damage.
You see here a club.
You hit the gnoll.
The gnoll is moderately wounded.
The gnoll closely misses you.
The gnoll hits you from afar with a halberd of chopping!
You die...

# *,,,,,,,,,.,,,,,,,,,,,,,,,,* #
*,,,,,,....,,,,,,,,,,,,,,,,*
*****,,,...,,,,,,**,,,,,,,,* #
*,,,...,,,,,,**,,,,,,,,* #
*,,,,..,,,,,,*****+***** ##
*****#.##**,******,* .# *.g#
*,,,,,,,,* .######*
##*###g######**######
.##....####.#.##@##.#.####....##
.#,#.....###.##..g##.###.....#.#
.#*##.......#...8...#.......####
.# #.#.....#..#...#..#.....#.# .#
#*##.#....#..8..#....#.#### .#
#.#.#..#.......#..#.#.#
.############.##.##.#############
.......#.######...######.#.......
.######.##..# ##)## #..##.######.


You could see 3 gnolls.

Vanquished Creatures
  2 adders (D:2)
  2 gnolls
  2 giant geckos
  8 bats
  3 giant cockroaches
  6 hobgoblins
  7 jackals (D:2)
  5 kobolds (D:1)
  6 giant newts
  7 goblins
  A quokka (D:2)
  5 rats
54 creatures vanquished.

Notes
Turn   | Place    | Note
--------------------------------------------------------------
     0 | D:1      | sqallbeste, the Merfolk Gladiator, began the quest for the Orb.
     0 | D:1      | Reached XP level 1. HP: 16/16 MP: 1/1
    94 | D:1      | Reached XP level 2. HP: 22/22 MP: 2/2
   350 | D:1      | Reached skill level 5 in Dodging
   366 | D:1      | Reached XP level 3. HP: 13/27 MP: 3/3
   757 | D:1      | Reached skill level 5 in Polearms
   989 | D:2      | Reached XP level 4. HP: 34/34 MP: 4/4
  1201 | D:2      | Found a radiant altar of Vehumet.
  1453 | D:2      | Reached skill level 6 in Dodging
  1524 | D:2      | Slain by a gnoll

Action                   |  1- 3 |  4- 6 || total
-------------------------+-------+-------++-------
Melee: Trident           |   117 |    47 ||   164
  Use: Scroll            |       |     4 ||     4
       Potion            |       |     4 ||     4
  Eat: Bread ration      |       |     1 ||     1
